 Dungeon Crawl Stone Soup version 0.29.1-12-g30fa7ad0bf (webtiles) character file.

Game seed: 7246431919347592382

217 LustLizard the Chopper (level 5, 0/48 HPs)
             Began as a Minotaur Monk on Jan 4, 2023.
             Succumbed to an adder's poison
             ... on level 4 of the Dungeon.
             The game lasted 00:05:40 (2503 turns).

LustLizard the Chopper (Minotaur Monk)              Turns: 2503, Time: 00:05:40

Health: 0/48       AC:  8    Str: 18    XL:     5   Next: 61%
Magic:  4/4        EV: 10    Int:  7    God:
Gold:   135        SH:  0    Dex: 12    Spells: 4/4 levels left

rFire   . . .      SeeInvis .   o - +2 hand axe (freeze)
rCold   . . .      Faith    .   (no shield)
rNeg    . . .      Spirit   .   B - +0 scale mail
rPois   .          Reflect  .   (helmet restricted)
rElec   .          Harm     .   w - +1 cloak
rCorr   .          Rampage  .   (no gloves)
Will    .....                   (no boots)
Stlth   ..........              (no amulet)
HPRegen 0.16/turn               (no ring)
MPRegen 0.09/turn               (no ring)

@: lethally poisoned (0 -> -6), very slow
A: horns 2, retaliatory headbutt
a: no special abilities


You were on level 4 of the Dungeon.
You visited 1 branch of the dungeon, and saw 4 of its levels.

You collected 135 gold pieces.

Inventory:

Hand Weapons
 a - a +0 hand axe
 n - a +0 broad axe
 o - a +2 hand axe of freezing (weapon)
 v - the +9 heavy crossbow "Sniper" {vorpal, Acc+∞ SInv}
   (You found it on level 3 of the Dungeon)

   Any ammunition fired from it inflicts extra damage upon your enemies.
   Any ammunition fired from it never misses its target.
   SInv:      It lets you see invisible.
Missiles
 x - a throwing net (quivered)
Armour
 b - a +0 robe
 u - a +0 ring mail
 w - a +1 cloak (worn)
 B - a +0 scale mail (worn)
Wands
 q - a wand of charming (7)
Scrolls
 d - a scroll of immolation {unknown}
 e - a scroll of vulnerability {unknown}
 g - a scroll of summoning {unknown}
 i - a scroll of blinking {unknown}
 j - 3 scrolls of identify
 l - 2 scrolls of magic mapping
 p - 2 scrolls of noise
 t - 2 scrolls of teleportation {unknown}
 y - a scroll of enchant weapon {unknown}
 z - a scroll of poison {unknown}
 A - a scroll of butterflies {unknown}
Potions
 h - a potion of flight {unknown}
 k - a potion of brilliance {unknown}
 m - a potion of mutation {unknown}
 r - a potion of lignification {unknown}
 s - a potion of haste {unknown}


   Skills:
 + Level 5.3 Fighting
 * Level 6.6 Axes
 - Level 3.2 Dodging
 - Level 1.5 Stealth


You had 4 spell levels left.
You didn't know any spells.
Your spell library contained the following spells:

 Spells                   Type           Power      Damage    Failure   Level
 Portal Projectile        Hex/Tloc       0%         N/A       99%         3
 Tukima's Dance           Hex            0%         N/A       99%         3
 Blade Hands              Tmut           0%         N/A       100%        5
 Dispersal                Tloc           0%         N/A       100%        6
 Disjunction              Tloc           0%         N/A       100%        8


Dungeon Overview and Level Annotations

Branches:
Dungeon (4/15)
 Temple: D:4-7

Altars:
Hepliaklqana
Trog

Portals:
Sewer: D:4


Innate Abilities, Weirdness & Mutations

You have a pair of horns on your head.
You reflexively headbutt those who attack you in melee.


Message History

The jackal bites you but does no damage.
You slash the jackal! You freeze the jackal.
You kill the jackal!
You start resting.
A jackal comes into view.
The jackal barks!
You barely miss the jackal. The jackal barely misses you.
You furiously retaliate!
You headbutt the jackal.
You kill the jackal!
An adder comes into view.
The adder hisses angrily.
You enter the shallow water.
Moving in this stuff is going to be slow.
Things that are here:
a jackal corpse; a jackal corpse Your unstable footing causes you to fumble your attack.
The adder bites you.
* * * LOW HITPOINT WARNING * * *
The adder bites you.
* * * LOW HITPOINT WARNING * * *
You are poisoned.
The adder poisons you!
Your unstable footing causes you to fumble your attack.
You feel sick. The adder barely misses you.
Your unstable footing causes you to fumble your attack.
You hear the brisk rusting of a drain.
You feel sick. The adder bites you.
* * * LOW HITPOINT WARNING * * *
You are lethally poisoned!
The adder poisons you!
Your unstable footing causes you to fumble your attack.
* * * LOW HITPOINT WARNING * * *
You feel sick.
The adder bites you but does no damage. x2
You hit the adder. You freeze the adder.
The adder is moderately wounded.
* * * LOW HITPOINT WARNING * * *
You feel sick. The adder closely misses you.
You hit the adder.
The adder seems to slow down.
You freeze the adder.
The adder is heavily wounded.
You die...

.#### #..# .# #..#
.# #..#
.########.[#
...........#
.#########.## .#
#....[..†###### .#
#.######.)~~~∩# .#
#.~~~†@# ..
#..~~~S# ##
#..†.~~#
#.##.###†.....#
#<......#.....# #.
####.###.#####...#
#..........##
#.#...######
#.......(.(h.


You could see an adder (slow).

Vanquished Creatures
  A scorpion (D:4)
  A hound (D:4)
  6 adders
  A river rat (D:4)
  2 worms
  2 orcs
  4 endoplasms
  2 giant cockroaches (D:4)
  4 goblins
  4 hobgoblins
  6 jackals (D:4)
  A quokka (D:1)
  3 ball pythons
  4 bats
  2 frilled lizards (D:3)
  6 kobolds
  6 rats
55 creatures vanquished.

Notes
Turn   | Place    | Note
-------+----------+-------------------------------------------
     0 | D:1      | LustLizard the Minotaur Monk began the quest for the Orb.
     0 | D:1      | Reached XP level 1. HP: 19/19 MP: 0/0
   309 | D:1      | Found a faded altar of an unknown god.
   322 | D:1      | Reached skill level 4 in Axes
   380 | D:1      | Reached XP level 2. HP: 27/27 MP: 1/1
   984 | D:2      | Reached XP level 3. HP: 33/33 MP: 2/2
  1620 | D:2      | Reached skill level 5 in Axes
  1674 | D:3      | Found the +9 heavy crossbow "Sniper" {vorpal, Acc+∞ SInv}
  1761 | D:3      | Reached XP level 4. HP: 41/41 MP: 3/3
  1902 | D:3      | Found a bloodstained altar of Trog.
  2357 | D:4      | Found a hazy altar of Hepliaklqana.
  2419 | D:4      | Found a glowing drain.
  2441 | D:4      | Reached skill level 5 in Fighting
  2441 | D:4      | Reached skill level 6 in Axes
  2441 | D:4      | Reached XP level 5. HP: 36/48 MP: 4/4
  2455 | D:4      | HP: 2/48 [scorpion (3)]
  2501 | D:4      | HP: 2/48 [poisoned by an adder]
  2503 | D:4      | Succumbed to an adder's poison

Illustrated notes

Levels and vault maps discovered:
D:1:      matt_arrival_diagonals, layout_basic,
          shapermc_ecumenical_altar_pompeii
D:2:      layout_basic
D:3:      layout_rooms, lightli_temple_of_fire, st_stairs_5
D:4:      layout_loops_ring, mainiacjoe_overflow_paths,
          pdpol_wu_jian_five_deadly_venoms, portal_sewer_entry_b, serial_shops,
          nicolae_shop_stone

Skill      XL: |  1  2  3  4 |
---------------+-------------+-----
Axes           | 4 5 6 |  6.6
Fighting       | 4 5 |  5.3
Dodging        | |  3.2
Stealth        | |  1.5

Action                   |  1- 3 |  4- 6 || total
-------------------------+-------+-------++-------
Melee: Hand axe          |    58 |    56 ||   114
       Headbutt          |     7 |    10 ||    17
       Punch             |     1 |       ||     1
  Use: Scroll            |     2 |     1 ||     3
       Potion            |       |     2 ||     2
 Stab: Sleeping          |     3 |       ||     3
Armor: Robe              |     9 |       ||     9
       Ring mail         |     5 |     2 ||     7
       Scale mail        |       |    18 ||    18
Dodge: Dodged            |    28 |    23 ||    51
